 Dungeon Crawl Stone Soup version 0.20.1-1-g8b1a95d (webtiles) character file.

1072 Lennu the Slasher (level 8, -4/67 HPs)
             Began as a Grey Draconian Fighter on July 13, 2017.
             Was an Initiate of Okawaru.
             Slain by a two-headed ogre
             ... wielding a +0 giant club
              (26 damage)
             ... in the Ecumenical Temple.
             The game lasted 00:11:39 (5358 turns).

Lennu the Slasher (Grey Draconian Fighter)          Turns: 5358, Time: 00:11:39

Health: -4/67      AC: 11    Str: 19    XL:     8   Next: 7%
Magic:  9/9        EV: 12    Int:  8    God:    Okawaru [......]
Gold:   236        SH: 10    Dex: 13    Spells: 8/8 levels left

rFire    . . .     SeeInvis .   w - +0 long sword
rCold    . . .     Gourm    .   b - +0 shield
rNeg     . . .     Faith    .   (armour unavailable)
rPois    .         Spirit   .   (helmet restricted)
rElec    .         Reflect  .   (no cloak)
rCorr    .         Harm     .   (no gloves)
MR       .....                  (no boots)
Stlth    ++........             u - amulet of regeneration
Regen    0.7/turn               (no ring)
MPRegen  0.2/turn               (no ring)

@: no status effects
A: walk through water, unfitting armour, unbreathing, cold-blooded, AC +11
a: Renounce Religion


You were in the Ecumenical Temple.
You worshipped Okawaru.
Okawaru was noncommittal.
You were not hungry.

You visited 2 branches of the dungeon, and saw 6 of its levels.

You collected 236 gold pieces.

Inventory:

Hand Weapons
 w - a +0 long sword (weapon)
Armour
 b - a +0 shield (worn)
Jewellery
 j - an uncursed amulet of rage
 u - an amulet of regeneration (around neck)
Wands
 c - a wand of digging (11/24)
 m - a wand of iceblast (6/15)
 r - a wand of confusion (27/48)
Scrolls
 f - 3 scrolls of identify
 g - a scroll of magic mapping {unknown}
 i - a scroll of blinking {unknown}
 k - a scroll of noise {unknown}
 l - 2 scrolls of recharging {unknown}
 o - 2 scrolls of immolation {unknown}
 p - a scroll of remove curse {unknown}
Potions
 e - a potion of haste
 h - 3 potions of curing
 q - a potion of heal wounds
 v - a potion of degeneration {unknown}
Comestibles
 d - 3 bread rations
 n - 3 royal jellies


   Skills:
 + Level 4.9 Fighting
 + Level 6.3 Long Blades
 + Level 4.6 Dodging
 * Level 2.2 Stealth
 + Level 5.0 Shields
 * Level 0.6 Spellcasting


You had 8 spell levels left.
You didn't know any spells.

Dungeon Overview and Level Annotations

Branches:
Dungeon (5/15)             Temple (1/1) D:5

Altars:
Ashenzari
Cheibriados
Dithmenos
Elyvilon
Fedhas
Gozag
Kikubaaqudgha
Makhleb
Nemelex Xobeh
Okawaru
Qazlal
Sif Muna
Trog
Uskayaw
Vehumet
Xom
Yredelemnul
The Shining One


Innate Abilities, Weirdness & Mutations

You can walk through water.
Your dull iron-grey scales are very hard. (AC +11)
You cannot fit into any form of body armour.
You can survive without breathing.
You are cold-blooded and may be slowed by cold attacks.


Message History

You climb downwards.
Welcome back to the Ecumenical Temple!
There is a staircase back to the Dungeon here.
You hit the two-headed ogre.
The two-headed ogre is lightly wounded.
The two-headed ogre hits you but does no damage.
The two-headed ogre hits you with a giant spiked club!!
All of the chunks of flesh in your inventory have rotted away.
You completely miss the two-headed ogre.
The two-headed ogre is lightly wounded.
The two-headed ogre barely misses you. You block the two-headed ogre's attack.
You slash the two-headed ogre!
The two-headed ogre is moderately wounded.
The two-headed ogre misses you.
You riposte.
You hit the two-headed ogre.
The two-headed ogre is moderately wounded.
The two-headed ogre hits you but does no damage.
You hit the two-headed ogre. You tail-slap the two-headed ogre.
The two-headed ogre is heavily wounded.
The two-headed ogre hits you with a giant club!!
The two-headed ogre hits you with a giant spiked club!!
You die...

..#...###....##.####....###...#..
.#.....#.......###.......#.....#.
#..._..#.._.....#....._..#.._...#
.......#.................#.......
#.....###....#.....#....###.....#
##...###.#...##...##...#####...##
#.....###...####.##.#...#.#.....#
.......#.....##...##.....#.......
.._.......#._#..@..#_.#......._..
.......#.....##.O.##.....#.......
#.....#.#...#.##.####...###.....#
##...#####...##...##...#.###...##
#.....###....#.....#....###.....#
.......#.................#.......
#..._..#.._.....#....._..#.._...#
.#.....#.......###.......#.....#.
..#...###....####.##....###...#..


You could see a two-headed ogre.

Vanquished Creatures
  The ghost of Lennu the Shield-Bearer, an amateur DrFi (D:4)
  Sigmund (D:3)
  An ice beast (D:5)
  3 scorpions (D:4)
  2 hounds
  A jelly (D:5)
  Ijyb (D:3)
  3 worker ants (D:4)
  2 orc wizards (D:5)
  7 gnolls
  6 adders
  An adder zombie (D:5)
  An adder skeleton (D:4)
  2 worms
  A dart slug (D:1)
  6 leopard geckos
  8 orcs
  A ball python (D:2)
  4 giant cockroaches
  2 goblins (D:1)
  5 hobgoblins
  7 kobolds
  4 quokkas
  7 bats
  6 frilled lizards
  A quokka skeleton (D:4)
  6 rats
90 creatures vanquished.

Notes
Turn   | Place    | Note
-------+----------+-------------------------------------------
     0 | D:1      | Lennu the Draconian Fighter began the quest for the Orb.
     0 | D:1      | Reached XP level 1. HP: 19/19 MP: 1/1
   227 | D:1      | Reached XP level 2. HP: 26/26 MP: 2/2
   827 | D:2      | Reached XP level 3. HP: 29/31 MP: 3/3
  1125 | D:2      | Found a hide-covered altar of Uskayaw.
  1618 | D:3      | Reached XP level 4. HP: 40/40 MP: 4/4
  1812 | D:3      | Noticed Sigmund
  1826 | D:3      | Killed Sigmund
  1826 | D:3      | Reached skill level 3 in Long Blades
  1826 | D:3      | Reached XP level 5. HP: 8/46 MP: 5/5
  2527 | D:3      | Noticed Ijyb
  2583 | D:3      | Killed Ijyb
  2583 | D:3      | Reached skill level 4 in Long Blades
  2583 | D:3      | Reached XP level 6. HP: 27/52 MP: 6/6
  3091 | D:4      | Reached skill level 1 in Stealth
  3435 | D:4      | Noticed Lennu's ghost (amateur DrFi)
  3470 | D:4      | Killed Lennu's ghost
  3470 | D:4      | Reached skill level 5 in Long Blades
  3470 | D:4      | Your scales start taking on a dull iron-grey colour.
  3470 | D:4      | Reached XP level 7. HP: 26/60 MP: 7/7
  3470 | D:4      | Gained mutation: You can survive without breathing. [Grey Draconian growth]
  3892 | D:4      | Found a deep blue altar of Sif Muna.
  4528 | D:5      | Entered Level 5 of the Dungeon
  4531 | D:5      | Reached skill level 6 in Long Blades
  4837 | D:5      | Found a staircase to the Ecumenical Temple.
  4920 | Temple   | Entered the Ecumenical Temple
  4973 | Temple   | Became a worshipper of Warmaster Okawaru
  5120 | D:5      | Reached skill level 5 in Shields
  5120 | D:5      | Reached XP level 8. HP: 33/67 MP: 7/9
  5319 | D:5      | Noticed a two-headed ogre
  5358 | Temple   | Slain by a two-headed ogre

Skill      XL: |  1  2  3  4  5  6  7 |
---------------+----------------------+-----
Dodging        | 3 4 |  4.6
Fighting       | 4 |  4.9
Long Blades    | 3 4 5 6 |  6.3
Shields        | 4 5 |  5.0
Stealth        | 1 2 |  2.2
Spellcasting   | |  0.6

Action                   |  1- 3 |  4- 6 |  7- 9 || total
-------------------------+-------+-------+-------++-------
Melee: Long sword        |   108 |   168 |   111 ||   387
       Tailslap          |    13 |    34 |    25 ||    72
  Use: Scroll            |     2 |       |       ||     2
       Potion            |       |     4 |     1 ||     5
 Stab: Sleeping          |       |     4 |     1 ||     5
  Eat: Chunk             |     2 |     7 |     2 ||    11
       Meat ration       |       |       |     1 ||     1
Armor: Skin              |    45 |    37 |    29 ||   111
Dodge: Dodged            |    69 |    48 |    60 ||   177
Block: Shield            |    72 |    66 |    74 ||   212
       Rpst.: Long sword |    35 |    11 |    28 ||    74
